 Dungeon Crawl Stone Soup version 0.29.1-1-gd02db6906a (webtiles) character file.

Game seed: 17646337602019533694

45315 Hyperenough the Severer (level 14, -15/129 HPs)
             Began as a Minotaur Fighter on Oct 21, 2022.
             Was a High Priest of Qazlal.
             Demolished by a large slime creature (25 damage)
             ... on level 12 of the Dungeon.
             The game lasted 01:01:47 (14359 turns).

Hyperenough the Severer (Minotaur Fighter)         Turns: 14359, Time: 01:01:48

Health: -15/129    AC: 27    Str: 27    XL:     14   Next: 0%
Magic:  13/13      EV:  8    Int:  5    God:    Qazlal [*****.]
Gold:   496        SH: 14    Dex:  9    Spells: 13/13 levels left

rFire   . . .      SeeInvis .   i - +3 broad axe (venom)
rCold   + . .      Faith    .   c - +0 buckler
rNeg    + . .      Spirit   .   N - +7 chain mail of the Fiend {rC+}
rPois   .          Reflect  .   G - +0 hat
rElec   .          Harm     .   z - +0 cloak
rCorr   .          Rampage  .   A - +0 pair of gloves
Will    +....                   (no boots)
Stlth   ..........              B - amulet of regeneration
HPRegen 1.11/turn               e - +4 ring of protection
MPRegen 0.13/turn               M - ring of positive energy

@: protected from physical damage, repel missiles
A: horns 2, retaliatory headbutt, talons 1, iridescent scales 1, deformed body,
subdued magic 1
a: Renounce Religion, Upheaval, Elemental Force, Disaster Area


You were on level 12 of the Dungeon.
You worshipped Qazlal.
Qazlal was extremely pleased with you.
You visited 4 branches of the dungeon, and saw 17 of its levels.
You also visited: Bailey.

You collected 1623 gold pieces.
You spent 1127 gold pieces at shops.

Inventory:

Hand Weapons
 a - a +0 war axe of freezing
 b - a +0 battleaxe
 i - a +3 broad axe of venom (weapon)
 r - the +1 dagger of Muxuwkuv {pain, rElec rPois}
   (You found it on level 3 of the Dungeon)

   In the hands of one skilled in necromantic magic, it inflicts extra damage on
   living creatures.
   rElec:     It insulates you from electricity.
   rPois:     It protects you from poison.
 D - a +2 longbow of flaming
Missiles
 u - 20 poisoned darts (quivered)
 C - 27 boomerangs
 Q - 3 boomerangs of dispersal
Armour
 c - a +0 buckler (worn)
 g - the +0 chain mail of Elyvilon's Delight {Harm Will- Dex+9}
   (You found it on level 3 of the Dungeon)

   Dex:       It affects your dexterity (+9).
   Harm:      It increases damage dealt and taken.
   Will:      It decreases your willpower.
 z - a +0 cloak (worn)
 A - a +0 pair of gloves (worn)
 G - a +0 hat (worn)
 N - the +7 chain mail of the Fiend (worn) {rC+}
   (You bought it in a shop on level 2 of the Orcish Mines)

   rC:        It protects you from cold.
Jewellery
 e - a +4 ring of protection (left hand)
 n - a ring of protection from fire
 q - a +4 ring of protection
 w - a +6 ring of dexterity
 x - an amulet of faith
 y - a +4 ring of evasion
 B - an amulet of regeneration (around neck)
 F - a +4 ring of evasion
 M - a ring of positive energy (right hand)
Wands
 d - a wand of charming (3)
 k - a wand of polymorph (3)
 o - a wand of iceblast (16)
 J - a wand of digging (10)
Scrolls
 h - 6 scrolls of fog
 l - 2 scrolls of enchant armour
 t - 6 scrolls of teleportation
 v - 2 scrolls of amnesia
 E - 3 scrolls of brand weapon
 H - 5 scrolls of identify
 K - a scroll of fear
 L - 2 scrolls of poison
 P - 2 scrolls of blinking
Potions
 f - 4 potions of curing
 j - 6 potions of brilliance
 m - 2 potions of mutation
 p - 2 potions of berserk rage
 s - 2 potions of ambrosia
 I - a potion of flight
 O - a potion of haste


   Skills:
 + Level 13.4 Fighting
 * Level 20.1 Axes
 + Level 4.9 Throwing
 + Level 11.1 Armour
 + Level 12.3 Shields
 + Level 0.3 Evocations


You had 13 spell levels left.
You didn't know any spells.
Your spell library contained the following spells:

 Spells                   Type           Power      Damage    Failure   Level
 Apportation              Tloc           0%         N/A       94%         1
 Beastly Appendage        Tmut           0%         N/A       94%         1
 Foxfire                  Conj/Fire      0%         2x1d4     94%         1
 Magic Dart               Conj           0%         1d3       94%         1
 Slow                     Hex            0%         N/A       94%         1
 Summon Small Mammal      Summ           0%         N/A       94%         1
 Searing Ray              Conj           0%         2d4       98%         2
 Sublimation of Blood     Necr           0%         N/A       98%         2
 Wereblood                Tmut           0%         N/A       98%         2
 Call Canine Familiar     Summ           0%         N/A       100%        3
 Confusing Touch          Hex            0%         N/A       100%        3
 Dazzling Flash           Conj/Hex       0%         N/A       100%        3
 Gell's Gravitas          Tloc           0%         N/A       100%        3
 Spider Form              Tmut/Pois      0%         N/A       100%        3
 Summon Guardian Golem    Hex/Summ       0%         N/A       100%        3
 Teleport Other           Tloc           0%         N/A       100%        3
 Vampiric Draining        Necr           0%         2d6       100%        3
 Airstrike                Air            0%         2d(0-16)  100%        4
 Animate Dead             Necr           0%         N/A       100%        4
 Corpse Rot               Necr/Pois/Air  0%         N/A       100%        4
 Dispel Undead            Necr           0%         3d6       100%        4
 Fulminant Prism          Conj/Hex       0%         3d6       100%        4
 Hailstorm                Conj/Ice       0%         3d3       100%        4
 Summon Ice Beast         Ice/Summ       0%         N/A       100%        4
 Summon Lightning Spire   Summ/Air       0%         N/A       100%        4
 Agony                    Necr           0%         N/A       100%        5
 Alistair's Intoxication  Tmut/Pois      0%         N/A       100%        5
 Lightning Bolt           Conj/Air       0%         1d11      100%        5
 Silence                  Hex/Air        0%         N/A       100%        5
 Summon Mana Viper        Hex/Summ       0%         N/A       100%        5
 Conjure Ball Lightning   Conj/Air       0%         3x3d6     100%        6
 Death Channel            Necr           0%         N/A       100%        6
 Dispersal                Tloc           0%         N/A       100%        6
 Haunt                    Necr/Summ      0%         N/A       100%        7
 Monstrous Menagerie      Summ           0%         N/A       100%        7
 Summon Hydra             Summ           0%         N/A       100%        7
 Infestation              Necr           0%         N/A       100%        8


Dungeon Overview and Level Annotations

Branches:
Dungeon (13/15)            Temple (1/1) D:4            Lair (0/5) D:10
    Orc (2/2) D:10            Elf (1/3) Orc:2        Bailey (visited)
 Vaults: D:13-14

Altars:
Ashenzari
Cheibriados
Dithmenos
Elyvilon
Fedhas
Gozag
Hepliaklqana
Kikubaaqudgha
Makhleb
Nemelex Xobeh
Okawaru
Qazlal
Ru
Sif Muna
Trog
Uskayaw
Vehumet
Wu Jian
Xom
Yredelemnul
Zin
The Shining One

Shops:
D:2 [   D:9 !   Orc:2 ?**[*

Annotations:
Elf:1 Roxanne


Innate Abilities, Weirdness & Mutations

You have a pair of horns on your head.
You reflexively headbutt those who attack you in melee.
You have sharp toenails.
You are partially covered in iridescent scales. (AC +2)
Armour fits poorly on your strangely shaped body.
Your spells are a little easier to cast, but a little less powerful.


Message History

You claw the enormous slime creature, but do no damage.
The enormous slime creature is heavily wounded.
The enormous slime creature hits you!
You slash the enormous slime creature!
Your headbutt misses the enormous slime creature.
The enormous slime creature is heavily wounded.
You slash the enormous slime creature!
The enormous slime creature is heavily wounded.
The enormous slime creature hits you!
You feel protected from physical attacks.
You slice the enormous slime creature!!
The enormous slime creature is severely wounded.
The enormous slime creature hits you!!
You slice the enormous slime creature!! You claw the enormous slime creature.
You headbutt the enormous slime creature, but do no damage.
The enormous slime creature is severely wounded.
Unknown command.
You slash the enormous slime creature!
The enormous slime creature looks as sick as possible!
You claw the enormous slime creature.
The enormous slime creature is almost dead.
The enormous slime creature hits you!!!
* * * LOW HITPOINT WARNING * * *
Unknown command.
You slash the enormous slime creature!
The enormous slime creature is almost dead.
The enormous slime creature hits you!
* * * LOW HITPOINT WARNING * * *
You feel more protected from physical attacks.
Unknown command.
You slice the enormous slime creature!!
You kill the enormous slime creature!
Qazlal accepts your kill.
You have reached level 14!
You slash the large slime creature! You claw the large slime creature.
The large slime creature is lightly wounded.
You slice the large slime creature!!
The large slime creature is moderately wounded.
The large slime creature hits you!!
You die...

*** **,** **,*,**
**,***,** *,*****,*
**,*,*,,* **,<,*,*
**,,,...#############
*,,,,......J@.......#
*,,,,..############.##
*,*,,,** #..# *,**,**
#<.# *,****
***########..# *,*
*,,......<...# #######
*,*########..########
##...#######*,*
#..........
##...###...##,#*
#.#########


You could see a large slime creature.

Vanquished Creatures
  Gastronok (D:9)
  An orc warlord (Bailey)
  Nessos (D:12)
  A deep elf annihilator (Orc:2)
  Fannar (D:12)
  4 ogre magi
  Erica (D:10)
  A boulder beetle (D:11)
  15 two-headed ogres
  Sonja (D:11)
  An ugly thing (D:11)
  7 deep elf pyromancers
  3 orc knights
  An orc sorcerer (D:10)
  2 cyclopes
  Maurice (D:11)
  A gargoyle (D:12)
  2 unseen horrors
  A kobold demonologist (D:11)
  8 trolls
  Grinder (D:6)
  10 slime creatures (D:12)
  Sigmund (D:4)
  A wraith (D:11)
  2 wyverns (D:10)
  19 yaks
  2 vampire mosquitoes (D:12)
  4 steam dragons
  2 wargs (D:10)
  4 water moccasins
  19 orc warriors
  A black bear (D:5)
  31 ogres
  A centaur (D:8)
  A phantom (D:5)
  2 kobold brigands
  A necrophage (D:4)
  3 bullfrogs
  2 scorpions (D:5)
  9 killer bees (D:9)
  4 gnoll boudas
  2 hounds
  4 jellies
  14 orc priests
  5 iguanas
  19 orc wizards
  19 gnolls
  2 river rats (D:6)
  7 adders
  A white imp (D:7)
  3 ufetubi
  A worm (D:4)
  2 dart slugs
  65 orcs
  12 ball pythons
  A bat zombie (D:9)
  9 endoplasms
  3 giant cockroaches
  9 goblins
  12 hobgoblins
  11 jackals
  26 kobolds
  3 quokkas
  7 bats
  3 frilled lizards
  13 rats
  A rat zombie (D:9)
428 creatures vanquished.

Vanquished Creatures (collateral kills)
  An iguana (D:7)
1 creature vanquished.

Vanquished Creatures (others)
  A vampire mosquito (D:12)
  An orc wizard (Orc:1)
  3 plants (D:10)
5 creatures vanquished.

Grand Total: 434 creatures vanquished

Notes
Turn   | Place    | Note
-------+----------+-------------------------------------------
     0 | D:1      | Hyperenough the Minotaur Fighter began the quest for the
                  | Orb.
     0 | D:1      | Reached XP level 1. HP: 19/19 MP: 0/0
   193 | D:1      | Reached XP level 2. HP: 26/27 MP: 1/1
  1008 | D:2      | Found a faded altar of an unknown god.
  1070 | D:2      | Reached skill level 3 in Axes
  1152 | D:2      | Reached XP level 3. HP: 32/33 MP: 2/2
  1167 | D:2      | Found Coxkiticku's Armour Emporium.
  2007 | D:3      | Gained mutation: Armour fits poorly on your strangely
                  | shaped body. [potion of mutation]
  2007 | D:3      | Gained mutation: Your spells are a little easier to cast,
                  | but a little less powerful. [potion of mutation]
  2007 | D:3      | Gained mutation: You are partially covered in iridescent
                  | scales. (AC +2) [potion of mutation]
  2007 | D:3      | Gained mutation: You have sharp toenails. [potion of
                  | mutation]
  2030 | D:3      | Identified the +0 chain mail of Elyvilon's Delight {Harm
                  | Will- Dex+9}
  2037 | D:3      | Reached skill level 4 in Axes
  2037 | D:3      | Reached XP level 4. HP: 40/40 MP: 3/3
  2052 | D:3      | HP: 2/40 [orc priest/divine providence (8)]
  2059 | D:3      | Reached XP level 5. HP: 4/47 MP: 4/4
  2533 | D:3      | Found a bloodstained altar of Trog.
  2550 | D:3      | Reached skill level 5 in Axes
  2560 | D:3      | Found a shimmering altar of Xom.
  2591 | D:3      | Identified the +1 dagger of Muxuwkuv {pain, rElec rPois}
  2695 | D:3      | Found a glowing silver altar of Zin.
  3018 | D:4      | Reached skill level 6 in Axes
  3021 | D:4      | Reached XP level 6. HP: 51/53 MP: 5/5
  3203 | D:4      | Reached skill level 7 in Axes
  3723 | D:4      | Reached XP level 7. HP: 60/60 MP: 6/6
  3874 | D:4      | Found a staircase to the Ecumenical Temple.
  3966 | Temple   | Entered the Ecumenical Temple
  4051 | Temple   | Became a worshipper of Qazlal Stormbringer
  4117 | D:4      | Noticed Sigmund
  4126 | D:4      | Killed Sigmund
  4127 | D:4      | Reached skill level 5 in Fighting
  4127 | D:4      | Reached skill level 8 in Axes
  4127 | D:4      | Reached skill level 5 in Armour
  5028 | D:5      | Entered Level 5 of the Dungeon
  5475 | D:5      | Reached skill level 9 in Axes
  5502 | D:5      | Reached XP level 8. HP: 68/68 MP: 7/7
  5514 | D:5      | Reached skill level 1 in Throwing
  5541 | D:5      | Found a shadowy altar of Dithmenos.
  5542 | D:5      | Found a glowing golden altar of the Shining One.
  5546 | D:5      | Reached skill level 5 in Shields
  5639 | D:5      | Found an iron altar of Okawaru.
  5641 | D:5      | Found a white marble altar of Elyvilon.
  5990 | D:5      | Reached skill level 10 in Axes
  6112 | D:6      | Identified the +10 quarterstaff "Ihesyworo" {vamp, rPois
                  | rF+ rN+}
  6178 | D:6      | Found a shimmering blue altar of Sif Muna.
  6296 | D:6      | Noticed Grinder
  6306 | D:6      | Paralysed by Grinder for 4 turns
  6314 | D:6      | Killed Grinder
  6412 | D:6      | Found an ornate altar of the Wu Jian Council.
  6484 | D:6      | Reached skill level 11 in Axes
  6902 | D:6      | Reached XP level 9. HP: 75/75 MP: 8/8
  6913 | D:6      | Reached * piety under Qazlal
  7160 | D:7      | Reached skill level 12 in Axes
  7932 | D:8      | Reached skill level 13 in Axes
  7954 | D:8      | Found a flagged portal.
  7978 | D:8      | Reached ** piety under Qazlal
  7986 | Bailey   | Entered a bailey
  7997 | Bailey   | Noticed an orc warlord
  8074 | Bailey   | Noticed an orc knight
  8094 | Bailey   | Killed an orc knight
  8095 | Bailey   | Reached XP level 10. HP: 85/86 MP: 9/9
  8111 | Bailey   | Found a runed translucent gate.
  8111 | Bailey   | Found a runed translucent gate.
  8132 | Bailey   | Found a runed translucent gate.
  8309 | Bailey   | Killed an orc warlord
  8310 | Bailey   | Reached skill level 14 in Axes
  8343 | Bailey   | Reached skill level 15 in Axes
  8343 | Bailey   | Reached XP level 11. HP: 95/95 MP: 10/10
  8357 | Bailey   | Got Sif Muna's Codex of Hurtful Hypothermia
  8783 | D:9      | Noticed Gastronok
  8798 | D:9      | Reached skill level 16 in Axes
  8817 | D:9      | Killed Gastronok
  8853 | D:9      | Reached *** piety under Qazlal
  8897 | D:9      | Found a sacrificial altar of Ru.
  9377 | D:9      | Found an ancient bone altar of Kikubaaqudgha.
  9448 | D:9      | Found a broken altar of Ashenzari.
  9515 | D:9      | Found Qiehe's Distillery.
  9712 | D:9      | Bought a potion of degeneration for 14 gold pieces
  9739 | D:10     | Entered Level 10 of the Dungeon
  9774 | D:10     | You fall into a shaft and drop 3 floors!
  9871 | D:12     | Noticed a deep elf pyromancer
  9881 | D:12     | Killed a deep elf pyromancer
  9882 | D:12     | Reached skill level 17 in Axes
  9924 | D:12     | HP: 1/99 [slime creature (11)]
  9994 | D:12     | Noticed Nessos
 10005 | D:12     | Killed Nessos
 10006 | D:12     | Reached XP level 12. HP: 57/106 MP: 11/11
 10032 | D:12     | Noticed Fannar
 10039 | D:12     | Killed Fannar
 10039 | D:12     | Reached **** piety under Qazlal
 10040 | D:12     | Reached skill level 10 in Fighting
 10188 | D:10     | Noticed a two-headed ogre
 10206 | D:10     | Killed a two-headed ogre
 10325 | D:10     | Found a staircase to the Lair.
 10574 | D:10     | Found a staircase to the Orcish Mines.
 10579 | Orc:1    | Entered Level 1 of the Orcish Mines
 10631 | Orc:1    | Noticed Erica
 10651 | D:10     | Killed Erica
 10693 | Orc:1    | HP: 3/110 [cyclops/large rock (29)]
 10809 | D:10     | Reached skill level 18 in Axes
 10809 | D:10     | Reached skill level 10 in Shields
 10833 | D:10     | Reached skill level 10 in Armour
 10866 | Orc:1    | Paralysed by an orc sorcerer for 5 turns
 11289 | Orc:2    | Entered Level 2 of the Orcish Mines
 11296 | Orc:2    | Found a staircase to the Elven Halls.
 11338 | Orc:2    | Reached ***** piety under Qazlal
 11406 | Orc:2    | Found Weux's CLEARANCE SALE!.
 11416 | Orc:2    | Bought a scroll of identify for 14 gold pieces
 12076 | Orc:2    | Noticed a two-headed ogre
 12077 | Orc:2    | Noticed an ogre mage
 12078 | Orc:2    | Noticed a two-headed ogre
 12103 | Orc:2    | Noticed an ogre mage
 12123 | Orc:1    | Killed a two-headed ogre
 12126 | Orc:1    | Killed a two-headed ogre
 12153 | Orc:2    | Noticed an ogre mage
 12164 | Orc:1    | Killed an ogre mage
 12165 | Orc:1    | Reached XP level 13. HP: 117/117 MP: 12/12
 12402 | Orc:2    | Paralysed by something for 5 turns
 12462 | Orc:2    | Reached skill level 19 in Axes
 12714 | Orc:2    | Found Luegys's Magic Scroll Boutique.
 12717 | Orc:2    | Found Kadwoef's Assorted Antiques.
 12717 | Orc:2    | Found Copsixib's Armour Shop.
 12717 | Orc:2    | Found Babur's General Store.
 12724 | Orc:2    | Bought a twisted marble ring for 190 gold pieces
 12731 | Orc:2    | Bought the +7 chain mail of the Fiend {rC+} for 909 gold
                  | pieces
 13177 | Elf:1    | Entered Level 1 of the Elven Halls
 13208 | Elf:1    | Noticed Roxanne
 13230 | Elf:1    | Noticed a deep elf annihilator
 13361 | Orc:2    | Killed a deep elf annihilator
 13506 | D:11     | Noticed Sonja
 13517 | D:11     | Killed Sonja
 13573 | D:11     | Noticed Maurice
 13595 | D:11     | Killed Maurice
 14122 | D:11     | Reached skill level 20 in Axes
 14358 | D:12     | Reached XP level 14. HP: 8/129 MP: 13/13
 14359 | D:12     | Demolished by a large slime creature

Illustrated notes

Levels and vault maps discovered:
D:1:      lightli_molten_gateway, layout_loops_corners, nicolae_eternal_life,
          minmay_misc_feat_rows
D:2:      layout_basic, hellmonk_ecumenical_altar_run_dry, serial_shops,
          shop_coins, minmay_pentomino_o4
D:3:      layout_loops_cross, xom_confusion_cloud, trog_three_pillars_becter,
          zin_academy
D:4:      minmay_general_purpose_star, layout_loops_ring,
          minmay_temple_entry_poolview, uniq_sigmund
D:5:      nicolae_cairo_tiling, layout_gridville,
          chequers_temple_overflow_statue_of_worship
D:6:      layout_loops_ring, mainiacjoe_overflow_boulevard, kennysheep_mini,
          portal_sewer_entry_e, uniq_grinder
D:7:      layout_cave_pods
D:8:      layout_cave_pools, enter_bailey_5
D:9:      layout_rooms, lemuel_coloured_pillars_altar,
          lemuel_zombie_altar_kikubaaqudgha, hangedman_ru_absence, serial_shops,
          shop, uniq_gastronok
D:10:     layout_rooms, dpeg_oklobed_lair, orc_0_dummy
D:11:     layout_irregular_city, uniq_sonja, uniq_maurice
D:12:     layout_loops_ring, kennysheep_nub, hangedman_glass_teeth, uniq_fannar,
          uniq_nessos
D:13:     layout_rooms, david_vaults_4, serial_shops, shop, shop, shop,
          minivault_20
Temple:   nicolae_temple_ecumenical_triangle
Orc:1:    layout_caves, uniq_erica
Orc:2:    st_orc_ogre_mass, layout_diamond_mine, nicolae_shop_clearance
Elf:1:    nicolae_elf_arrival_fired_up, layout_loops_corners, serial_shops,
          shop, shop, minmay_elf_annihilation, grunt_ministairs_1,
          nicolae_elf_theology_debate, minmay_shoptagon, uniq_roxanne

Skill      XL: |  1  2  3  4  5  6  7  8  9 10 11 12 13 |
---------------+----------------------------------------+-----
Shields        | 4 5 6 8 9 11 12 | 12.3
Fighting       | 4 5 6 7 8 9 11 13 | 13.4
Armour         | 4 5 6 8 9 10 11 | 11.1
Axes           | 3 4 6 7 9 11 13 15 17 18 20 | 20.1
Throwing       | 1 4 |  4.9
Evocations     | |  0.3

Action                   |  1- 3 |  4- 6 |  7- 9 | 10-12 | 13-15 || total
-------------------------+-------+-------+-------+-------+-------++-------
Melee: War axe           |    93 |    91 |   229 |   332 |       ||   745
       Headbutt          |    12 |    11 |    38 |    80 |    40 ||   181
       Kick              |       |    14 |    53 |   128 |    66 ||   261
       Broad axe         |       |       |       |    49 |   167 ||   216
Throw: Boomerang         |       |     5 |     5 |       |       ||    10
       Dart              |       |       |     6 |    12 |     8 ||    26
Evoke: Wand              |       |       |     1 |     1 |     3 ||     5
  Use: Scroll            |    10 |       |     6 |     9 |     1 ||    26
       Potion            |     3 |     2 |     2 |    11 |     2 ||    20
Armor: Scale mail        |    24 |       |       |       |       ||    24
       Ring mail         |    29 |    42 |    97 |   117 |     7 ||   292
       Skin              |       |     8 |       |       |       ||     8
       Chain mail        |       |       |       |       |    25 ||    25
Dodge: Dodged            |    55 |    35 |   100 |   117 |    31 ||   338
       Repelled          |       |       |       |       |     3 ||     3
Block: Buckler           |    23 |    18 |    82 |   211 |    74 ||   408
